 Dungeon Crawl Stone Soup version 0.31-a0-1074-g0b22e4e0f1 (webtiles) character file.

Game seed: 16911754041216680723

73 lunkers the Insei (level 4, -4/35 HPs)
             Began as a Meteoran Shapeshifter on Dec 1, 2023.
             Killed from afar by an orc wizard (6 damage)
             ... with a magic dart
             ... on level 3 of the Dungeon.
             The game lasted 00:03:18 (573 turns).

lunkers the Insei (Meteoran Shapeshifter)            Turns: 573, Time: 00:03:19

Health: -4/35      AC:  2    Str: 15    XL:     4   Next: 81%
Magic:  5/5        EV: 12    Int: 12    God:
Gold:   69         SH:  0    Dex: 15    Spells: 3/3 levels left

rFire   . .          .
                       - Unarmed
rCold   . . .        (no shield)
rNeg    . . .        a - +0 animal skin
rPois   .            (helmet currently unavailable)
rElec   .            (cloak currently unavailable)
rCorr   .            (gloves currently unavailable)
SInv    .            (boots currently unavailable)
Will    .....        (no amulet)
Stlth   +            (no ring)
HPRegen 0.25/turn    (no ring)
MPRegen 0.09/turn

%: no passive effects
@: beast-form, on berserk cooldown, slowed, glowing, very slow
A: beast (slay +2), sense surroundings 1, otherworldly, glowing, explore regen
a: Begin Untransformation


You were on level 3 of the Dungeon.
You were a hulking beast.
You visited 1 branch of the dungeon, and saw 3 of its levels.

You collected 69 gold pieces.

Inventory:

Missiles
 h - 5 silver javelins
Armour
 a - a +0 animal skin (worn)
 g - a +0 pair of gloves
Talismans
 c - a beast talisman
 d - a flux talisman
Scrolls
 f - a scroll of poison {unknown}


   Skills:
 - Level 1.1 Fighting
 - Level 2.1 Dodging
 * Level 5.3 Unarmed Combat
 + Level 4.4 Shapeshifting


You had 3 spell levels left.
You didn't know any spells.
Your spell library contained the following spells:

 Spells                   Type           Power      Damage    Failure   Level
 Stone Arrow              Conj/Erth      0%         3d7       69%         3
 Animate Armour           Summ/Erth      0%         N/A       97%         4
 Lehudib's Crystal Spear  Conj/Erth      0%         10d2      100%        8


Dungeon Overview and Level Annotations

Branches:
Dungeon (3/15) Zot: 1234

Altars:


Innate Abilities, Weirdness & Mutations

You are a hulking beast.
Your limbs bulge with bestial killing power. (Slay +2)
You passively map a small area around you.
You are easily found by Zot.
You glow in the dark.
You regain HP and MP as you explore.


Message History

* * * LOW HITPOINT WARNING * * *
You smack the orc priest!
You kill the orc priest!
The adder bites you but does no damage.
Your Unarmed Combat skill increases to level 5!
Unknown command.
You cannot move.
Unknown command.
You cannot move.
You barely miss the adder.
You are no longer berserk.
You are exhausted.
You feel yourself slow down.
The orc wizard hits you but does no damage.
You closely miss the adder.
The adder bites you but does no damage. x2
The orc wizard barely misses you.
You closely miss the adder.
You feel less wooden.
Your +0 animal skin unmelds from your body.
You turn into a hulking beast.
The adder closely misses you. The orc wizard barely misses you.
The adder barely misses you.
Unknown command.
You hit the adder but do no damage.
The orc wizard hits you with a +0 dagger.
* * * LOW HITPOINT WARNING * * *
The adder bites you.
* * * LOW HITPOINT WARNING * * *
The orc wizard barely misses you. The adder closely misses you.
You closely miss the adder. The adder closely misses you.
The orc wizard closely misses you.
You barely miss the adder. The adder barely misses you.
The orc wizard barely misses you. The adder bites you but does no damage.
You hit the adder.
The adder is heavily wounded.
The orc wizard hits you but does no damage.
The adder bites you.
* * * LOW HITPOINT WARNING * * *
The orc wizard points at you and mumbles some strange words.
The magic dart hits you.
You die...

, , #..# ##
#... ,.#
.....** )# #
..... ##.#.#
.~~~.....#.#
.~~..!#....##
.......o....#
* #h)...# , *
,#S)#### , ,
,#...., *
,#.####* **
#.., * ### ,
* ,


You could see an orc wizard and an adder.

Vanquished Creatures
  An orc priest (D:3)
  An adder (D:2)
  A worm (D:2)
  2 dart slugs (D:1)
  An orc (D:3)
  2 ball pythons
  3 bats
  2 giant cockroaches (D:2)
  4 goblins
  3 jackals (D:2)
  3 frilled lizards (D:1)
  2 kobolds (D:2)
  3 rats
28 creatures vanquished.

Notes
Turn   | Place    | Note
-------+----------+-------------------------------------------
     0 | D:1      | lunkers the Meteoran Shapeshifter began the quest for the
                  | Orb.
     0 | D:1      | Reached XP level 1. HP: 16/16 MP: 2/2
   178 | D:1      | Reached skill level 4 in Unarmed Combat
   178 | D:1      | Reached XP level 2. HP: 7/23 MP: 3/3
   312 | D:2      | Reached XP level 3. HP: 27/28 MP: 4/4
   472 | D:2      | Reached XP level 4. HP: 30/35 MP: 5/5
   567 | D:3      | Reached skill level 5 in Unarmed Combat
   573 | D:3      | Killed from afar by an orc wizard

Illustrated notes

Levels and vault maps discovered:
D:1:      heliophobic_arrival_dark_side_of_the_moon, layout_basic,
          minmay_tetromino_o4
D:2:      layout_basic, basic_altar
D:3:      layout_basic, cheibrodos_ashenzari_chains,
          gammafunk_temple_overflow_elements, dreamdust_princess_bridge,
          chequers_serial_rivers_micro_c

Skill      XL: |  1  2  3  4 |
---------------+-------------+-----
Unarmed Combat | 4 5 |  5.3
Shapeshifting  | 4 |  4.4
Fighting       | |  1.1
Dodging        | |  2.1

Action                     |  1- 3 |  4- 6 || total
---------------------------+-------+-------++-------
  Melee: Unarmed           |    69 |    24 ||    93
         Punch             |     2 |     2 ||     4
    Use: Potion            |       |     2 ||     2
 Armour: Animal skin       |    35 |     7 ||    42
         Skin              |       |    55 ||    55
  Dodge: Dodged            |    37 |    13 ||    50

Table legend: (Time is in decaauts)
 A = Elapsed time spent in this place.
 B = Non-inter-level travel time spent in this place.
 C = Inter-level travel time spent in this place.
 D = Time resting spent in this place.
 E = Time spent auto-exploring this place.
 F = Levels seen in this place.
 G = Mean time per level.
                   A        B        C        D        E       F      G
               +--------+--------+--------+--------+--------+-----+--------+
         Total |    563 |    548 |     15 |      0 |    360 |   3 |  187.7 |
       Dungeon |    563 |    548 |     15 |      0 |    360 |   3 |  187.7 |
               +--------+--------+--------+--------+--------+-----+--------+

Top non-repeatable levels by time:
     D:1: 299 daAuts
     D:2: 238 daAuts
     D:3: 25 daAuts
